Map: Acid Plant LE

Players

PtitDrogo

  • Race: Protoss Protoss
  • Spawn Location: 5:00

DnS

  • Race: Protoss Protoss
  • Spawn Location: 11:00

Event: IEM Season 12 - Katowice

VOD

Have the link to the VOD?

Description

Time

  • Played on: Feb. 26, 2018, 8:05 a.m.
  • Length: 4:04

All games in this series

Show
View Real Time Build Order
Export as new Build Order

PtitDrogo Protoss 

Build Orders:  

Get SALT Encoding   

  12  0:00  Probe  
  13  0:12  Probe  
  14  0:17  Pylon  
  14  0:24  Probe (Chrono Boost)  
  15  0:37  Probe (Chrono Boost)  
  15  0:38  Gateway  
  16  0:44  Probe (Chrono Boost)  
  16  0:46  Assimilator  
  17  0:51  Probe (Chrono Boost)  
  17  0:54  Assimilator  
  18  1:03  Probe (Chrono Boost)  
  19  1:11  Probe (Chrono Boost)  
  20  1:18  Probe  
  20  1:20  Gateway  
  21  1:29  Cybernetics Core  
  21  1:30  Probe  
  22  1:37  Pylon  
  22  1:42  Probe  
  23  1:55  Probe  
  24  2:08  Warp Gate (Chrono Boost), Stalker x2  
  28  2:13  Pylon  
  28  2:26  Probe  
  29  2:38  Adept x2  
  32  2:49  Nexus  
  32  2:54  Probe  
  35  3:05  Sentry  
  35  3:06  Probe  
  35  3:07  Pylon  
  35  3:08  Sentry  
  36  3:21  Probe  
  36  3:22  Shield Battery  
  37  3:31  Shield Battery  
  37  3:33  Probe  
  38  3:45  Probe  
  38  3:46  Robotics Facility  
  39  3:53  Forge  
Show
View Real Time Build Order
Export as new Build Order

DnS Protoss 

Build Orders:  

Get SALT Encoding   

  12  0:00  Probe  
  13  0:12  Probe  
  14  0:17  Pylon  
  14  0:24  Probe (Chrono Boost)  
  15  0:37  Probe (Chrono Boost), Gateway  
  16  0:44  Probe (Chrono Boost)  
  16  0:46  Assimilator  
  17  0:51  Probe (Chrono Boost)  
  17  0:54  Assimilator  
  18  1:03  Probe (Chrono Boost)  
  19  1:11  Probe (Chrono Boost)  
  20  1:13  Gateway  
  20  1:17  Probe  
  20  1:24  Cybernetics Core  
  21  1:29  Probe  
  22  1:34  Pylon  
  22  1:41  Probe  
  23  1:53  Probe  
  24  2:00  Stalker  
  24  2:01  Sentry  
  28  2:03  Warp Gate  
  28  2:11  Pylon  
  28  2:27  Stalker  
  28  2:28  Pylon  
  30  2:30  Stalker  
  32  2:48  Nexus  
  32  2:49  Probe  
  33  2:58  Sentry  
  35  3:02  Sentry  
  35  3:05  Shield Battery  
  37  3:07  Probe  
  38  3:18  Pylon  
  38  3:28  Probe, Robotics Facility  
  39  3:38  Pylon  
  39  3:45  Probe  
  39  3:46  Shield Battery  

Tags
 
Add a new tag
Caveats
  • Supply blocks, unpowered buildings, or Contaminate may cause inaccurate times.
  • Supply counts are checked every 10 seconds.